 Dungeon Crawl Stone Soup version 0.29.1-2-gbd0b4ee654 (webtiles) character file.

Game seed: 11285054141194910482

68 tizbic2 the Ruffian (level 4, 0/38 HPs)
             Began as a Naga Transmuter on Nov 5, 2022.
             Slain by a frilled lizard (1 damage)
             ... on level 3 of the Dungeon.
             The game lasted 00:07:26 (1722 turns).

tizbic2 the Ruffian (Naga Transmuter)               Turns: 1722, Time: 00:07:27

Health: 0/38       AC:  4    Str: 12    XL:     4   Next: 19%
Magic:  7/7        EV:  7    Int: 16    God:
Gold:   34         SH:  0    Dex: 11    Spells: 4/7 levels left

rFire   . . .      SeeInvis +   a - +1 mace
rCold   . . .      Faith    .   (no shield)
rNeg    . . .      Spirit   .   m - +0 scale mail
rPois   +          Reflect  .   (no helmet)
rElec   .          Harm     .   (no cloak)
rCorr   .          Rampage  .   (no gloves)
Will    .....                   (no barding)
Stlth   ..........              (no amulet)
HPRegen 0.12/turn               (no ring)
MPRegen 0.10/turn               (no ring)

@: mighty, attractive, very slow
A: AC +1, large, see invisible, deformed body, poison resistance, slowness 2,
spit poison 1, naga tail 1
a: Spit Poison


You were on level 3 of the Dungeon.
You visited 1 branch of the dungeon, and saw 3 of its levels.

You collected 34 gold pieces.

Inventory:

Hand Weapons
 a - a +1 mace (weapon)
 p - a +0 dagger
 w - a +3 sling
Missiles
 l - 4 silver boomerangs
Armour
 c - a +0 chain mail
 h - a +0 robe
 m - a +0 scale mail (worn)
Scrolls
 d - 2 scrolls of teleportation {unknown}
 e - a scroll of summoning {unknown}
 g - a scroll of silence {unknown}
 i - 2 scrolls of fear
 j - 2 scrolls of identify
 q - a scroll of enchant armour {unknown}
Potions
 f - a potion of cancellation {unknown}
 k - a potion of curing {unknown}
 o - a potion of heal wounds {unknown}


   Skills:
 + Level 1.6 Fighting
 * Level 0.0 Long Blades
 - Level 0.5 Maces & Flails
 * Level 0.4 Ranged Weapons
 - Level 1.5 Dodging
 + Level 3.6 Unarmed Combat
 + Level 2.3 Spellcasting
 * Level 2.9 Transmutations


You had 4 spell levels left.
You knew the following spells:

 Your Spells              Type           Power      Damage    Failure   Level
a - Beastly Appendage     Tmut           22%        N/A       32%         1
b - Wereblood             Tmut           11%        N/A       45%         2

Your spell library contained the following spells:

 Spells                   Type           Power      Damage    Failure   Level
 Spider Form              Tmut/Pois      6%         N/A       88%         3
 Ice Form                 Ice/Tmut       6%         N/A       99%         4


Dungeon Overview and Level Annotations

Branches:
Dungeon (3/15)

Altars:

Shops:
D:1 ?


Innate Abilities, Weirdness & Mutations

Your serpentine skin is tough. (AC +1)
You have supernaturally acute eyesight. (SInv)
Armour fits poorly on your strangely shaped body.
Your system is resistant to poisons. (rPois)
You cover ground very slowly.
You can spit poison.
You have a snake-like lower body.


Message History

There is a stone staircase leading up here.
Found a stone staircase leading up.
Found a stone staircase leading down.
There is a stone staircase leading down here.
You climb downwards.
The goblin shouts!
The frilled lizard hisses angrily.
You hear an angry hiss.
Found 17 gold pieces, 2 scrolls labelled ACYHUM EFOIST and a ring mail.
There is a stone staircase leading up here.
a - a +1 mace (weapon)
Aiming: Spit Poison (1% risk of failure)
Press: ? - help, Q - select action, (/) - cycle Shift-Dir - straight line, f - goblin
Aim: a goblin, wielding a +0 club (50% to hit)
The splash of poison hits the goblin!
The goblin is poisoned.
You kill the goblin!
An iguana comes into view.
The frilled lizard closely misses you.
You completely miss the frilled lizard. The frilled lizard bites you.
The iguana bites you!
You hit the iguana. Your punch misses the iguana.
The iguana is lightly wounded.
The frilled lizard closely misses you. The iguana bites you!
The frilled lizard bites you but does no damage.
The iguana bites you!
* * * LOW HITPOINT WARNING * * *
You can't do that yet.
It was a potion of attraction.
You feel attractive to monsters.
You have got your breath back.
The frilled lizard bites you.
* * * LOW HITPOINT WARNING * * *
The iguana barely misses you.
It was a potion of might.
You feel very mighty all of a sudden. The iguana bites you.
* * * LOW HITPOINT WARNING * * *
The frilled lizard barely misses you.
You sock the iguana!
You kill the iguana!
The frilled lizard bites you.
You die...

.. #######
...?#.#.#.#.#
.......)†...#
#@#
.$.....l....#
###.#.#.#.#.#
#.......# ##
#.# ## #[#
#.. #..


You could see a frilled lizard.

Vanquished Creatures
  An iguana (D:3)
  2 adders (D:2)
  A worm (D:2)
  A ball python (D:1)
  8 bats
  4 endoplasms
  4 giant cockroaches
  5 goblins
  3 hobgoblins (D:1)
  5 jackals (D:1)
  A quokka (D:1)
  3 frilled lizards (D:1)
  4 rats (D:1)
42 creatures vanquished.

Notes
Turn   | Place    | Note
-------+----------+-------------------------------------------
     0 | D:1      | tizbic2 the Naga Transmuter began the quest for the Orb.
     0 | D:1      | Reached XP level 1. HP: 18/18 MP: 3/3
   202 | D:1      | Reached XP level 2. HP: 13/25 MP: 5/5
   859 | D:1      | Reached XP level 3. HP: 29/31 MP: 6/6
   904 | D:1      | Found Xoffon's Magic Scroll Shoppe.
  1191 | D:2      | Learned a level 2 spell: Wereblood
  1436 | D:2      | Reached XP level 4. HP: 25/38 MP: 7/7
  1544 | D:2      | Found a faded altar of an unknown god.
  1721 | D:3      | HP: 1/38 [iguana (4)]
  1722 | D:3      | Slain by a frilled lizard

Illustrated notes

Levels and vault maps discovered:
D:1:      nzn_arrival_crosshair, layout_rooms, serial_shops,
          nicolae_shop_advertising_works [nicolae_subvault_shop_adworks]
D:2:      layout_rooms, hellmonk_ecumenical_altar_slurped_away
D:3:      layout_loops_corners, st_stairs_8

Action                   |  1- 3 |  4- 6 || total
-------------------------+-------+-------++-------
Melee: Unarmed           |    32 |       ||    32
       Headbutt          |     1 |       ||     1
       Mace              |    61 |     6 ||    67
       Punch             |     1 |       ||     1
 Fire: Sling             |    12 |       ||    12
 Cast: Beastly Appendage |     5 |       ||     5
 Abil: Spit Poison       |    20 |     1 ||    21
  Use: Potion            |     1 |     2 ||     3
       Scroll            |     3 |       ||     3
Armor: Skin              |     8 |       ||     8
       Chain mail        |    27 |       ||    27
       Robe              |    14 |       ||    14
       Scale mail        |    13 |     1 ||    14
Dodge: Dodged            |    37 |     5 ||    42
